 Dungeon Crawl Stone Soup version 0.21-a0-518-g43a1781 (webtiles) character file.

8755 Laiders the Cleaver (level 11, -2/99 HPs)
             Began as a Deep Dwarf Fighter on Dec 4, 2017.
             Was a Follower of Makhleb.
             Slain by a hornet zombie (3 damage)
             ... on level 11 of the Dungeon.
             The game lasted 00:24:45 (8442 turns).

Laiders the Cleaver (Deep Dwarf Fighter)            Turns: 8442, Time: 00:24:47

Health: -2/99      AC: 16    Str: 22      XL:     11   Next: 14%
Magic:  0/0        EV:  5    Int:  8 (10) God:    Makhleb [*.....]
Gold:   500        SH: 13    Dex: 11 (12) Spells: 10/10 levels left

rFire    . . .     SeeInvis .   a - +0 war axe
rCold    + . .     Gourm    .   c - +1 shield
rNeg     . . .     Faith    .   P - +0 plate armour
rPois    +         Spirit   .   (no helmet)
rElec    .         Reflect  .   I - +2 cloak {rPois}
rCorr    .         Harm     .   (no gloves)
MR       +....                  (no boots)
Stlth    ..........             E - amulet of rage
HPRegen  0.00/turn              v - ring of protection from cold
MPRegen  0.07/turn              (no ring)

@: non-regenerating
A: damage resistance, heal wounds, sense surroundings 2, no regeneration
a: Heal Wounds, Renounce Religion, Evoke Berserk Rage


You were on level 11 of the Dungeon.
You worshipped Makhleb.
Makhleb was aware of your devotion.
You were hungry.

You visited 2 branches of the dungeon, and saw 12 of its levels.

You collected 500 gold pieces.

Inventory:

Hand Weapons
 a - a +0 war axe (weapon)
Missiles
 H - 5 tomahawks (quivered)
Armour
 c - a +1 shield (worn)
 I - a +2 cloak of poison resistance (worn)
 P - a +0 plate armour (worn)
Jewellery
 v - a ring of protection from cold (left hand)
 E - an amulet of rage (around neck)
Wands
 b - a wand of acid (1)
 g - a wand of digging (11)
 m - a wand of disintegration (1)
 O - a wand of iceblast (5)
Scrolls
 e - 2 scrolls of noise
 h - a scroll of immolation
 j - a scroll of magic mapping
 n - 3 scrolls of amnesia
 p - 5 scrolls of blinking
 r - a scroll of remove curse
 w - 3 scrolls of fear {unknown}
 x - 6 scrolls of teleportation
 y - a scroll of random uselessness {unknown}
 A - 3 scrolls of identify
 K - a scroll of vulnerability
 N - a scroll of fog {unknown}
Potions
 d - 3 potions of flight
 i - a potion of mutation
 o - a potion of cancellation
 q - 2 potions of curing
 s - a potion of agility
 B - a potion of berserk rage
 D - a potion of lignification
Books
 t - a book of Frost

   Spells                             Type                      Level
   a - Freeze                         Ice                          1
   b - Throw Frost                    Conjuration/Ice              2
   c - Ozocubu's Armour               Charms/Ice                   3
   d - Throw Icicle                   Conjuration/Ice              4
   e - Summon Ice Beast               Ice/Summoning                4
 u - a book of Cantrips

   Spells                             Type                      Level
   a - Confusing Touch                Hexes                        1
   b - Animate Skeleton               Necromancy                   1
   c - Summon Small Mammal            Summoning                    1
   d - Apportation                    Translocation                1
 F - a book of Power

   Spells                             Type                      Level
   a - Iskenderun's Battlesphere      Conjuration/Charms           5
   b - Venom Bolt                     Conjuration/Poison           5
   c - Bolt of Magma                  Conjuration/Fire/Earth       5
   d - Iron Shot                      Conjuration/Earth            6
   e - Orb of Destruction             Conjuration                  7
   f - Spellforged Servitor           Conjuration/Summoning        7
 J - a book of Conjurations

   Spells                             Type                      Level
   a - Magic Dart                     Conjuration                  1
   b - Searing Ray                    Conjuration                  2
   c - Dazzling Spray                 Conjuration/Hexes            3
   d - Fulminant Prism                Conjuration/Hexes            4
   e - Force Lance                    Conjuration/Translocation    4
   f - Iskenderun's Mystic Blast      Conjuration                  4
Comestibles
 f - 6 bread rations
 k - 7 fruits
 z - 5 meat rations
 Q - 9 royal jellies


   Skills:
 + Level 6.9 Fighting
 + Level 12.2 Axes
 - Level 8.0 Armour
 - Level 10.0 Shields
 + Level 2.5 Invocations
 + Level 2.6 Evocations


You had 10 spell levels left.
You didn't know any spells.

Dungeon Overview and Level Annotations

Branches:
Dungeon (11/15)            Temple (1/1) D:5            Lair (0/6) D:11
    Orc (0/2) D:10

Altars:
Ashenzari
Cheibriados
Dithmenos
Elyvilon
Fedhas
Gozag
Hepliaklqana
Kikubaaqudgha
Makhleb
Nemelex Xobeh
Okawaru
Qazlal
Ru
Sif Muna
Trog
Uskayaw
Vehumet
Wu Jian
Xom
Yredelemnul
Zin
The Shining One


Innate Abilities, Weirdness & Mutations

You are resistant to damage.
You can heal yourself by infusing magical energy.
You passively map the area around you.
You do not regenerate.


Message History

You barely miss the hornet zombie. The hornet zombie hits you!
* * * LOW HITPOINT WARNING * * *
You hit the hornet zombie but do no damage.
The hornet zombie hits you but does no damage.
You hit the hornet zombie but do no damage.
You are feeling hungry.
You block the hornet zombie's attack.
Your plate armour prevents you from hitting the hornet zombie.
You block the hornet zombie's attack. The hornet zombie hits you.
* * * LOW HITPOINT WARNING * * *
You slash the hornet zombie!
The hornet zombie is lightly damaged.
You block the hornet zombie's attack.
You closely miss the hornet zombie.
The hornet zombie is lightly damaged.
The hornet zombie hits you but does no damage.
You barely miss the hornet zombie.
The hornet zombie is lightly damaged.
The hornet zombie hits you.
You die...

,#.####...#
#.# #..##..#
,#........#
#.# #..##..#
,#........#
#.# #..##..>
*
,#........#
*, #..##...
,,#..###...#
#..##... #..
#...# ,*
#..##... #.
#...# *,*
#... ,, ,
#...###.###
#... , , *
#..@Z......,
#... , *
#.......###
, #... * ,,
* #.......#
, #... , , *
#..###..# ,
, ,, *,,
#..# ..# , ,
, #..# ,.#
,, * , #..#
# , , * #..#
* * , , , *
*, , >,,


You could see a hornet zombie.

Vanquished Creatures
  An unseen horror (D:10)
  Pikel (D:6)
  An ugly thing (D:11)
  2 trolls
  The ghost of kiturien the Covered, an amateur MiFi (D:3)
  A hornet (D:9)
  2 hippogriffs
  Sigmund (D:3)
  Eustachio (D:5)
  A hungry ghost (D:10)
  10 yaks
  2 soldier ants (D:9)
  A slave (D:6)
  3 ice beasts
  4 orc warriors
  A sky beast (D:8)
  A black bear (D:8)
  3 phantoms
  2 necrophages
  2 ogres
  4 centaurs
  A big kobold (D:7)
  2 bullfrogs
  3 scorpions
  6 killer bees (D:8)
  A howler monkey (D:5)
  3 crimson imps
  3 jellies
  2 bullfrog skeletons
  6 hounds
  11 orc wizards
  2 quasits
  Crazy Yiuf (D:6)
  5 orc priests
  7 iguanas
  Ijyb (D:3)
  9 worker ants
  6 gnolls
  A howler monkey skeleton (D:7)
  6 adders
  2 shadow imps
  2 oozes
  7 worms
  7 leopard geckos
  29 orcs
  10 bats
  5 giant cockroaches
  12 goblins
  6 hobgoblins
  31 jackals
  4 quokkas
  2 ball pythons
  7 frilled lizards
  9 kobolds
  A leopard gecko zombie (D:6)
  7 rats
262 creatures vanquished.

Notes
Turn   | Place    | Note
-------+----------+-------------------------------------------
     0 | D:1      | Laiders the Deep Dwarf Fighter began the quest for the Orb.
     0 | D:1      | Reached XP level 1. HP: 20/20 MP: 1/1
   199 | D:1      | Reached XP level 2. HP: 24/27 MP: 2/2
   878 | D:2      | Reached skill level 3 in Axes
   972 | D:2      | Reached XP level 3. HP: 21/33 MP: 3/3
  1048 | D:2      | Found a sparkling altar of Nemelex Xobeh.
  1272 | D:2      | Reached XP level 4. HP: 31/40 MP: 3/3
  1602 | D:3      | Found a blossoming altar of Fedhas.
  1655 | D:3      | Noticed Ijyb
  1679 | D:3      | Killed Ijyb
  1679 | D:3      | Reached skill level 4 in Axes
  1914 | D:3      | Noticed kiturien's ghost (amateur MiFi)
  1932 | D:3      | Killed kiturien's ghost
  1932 | D:3      | Reached skill level 5 in Axes
  1932 | D:3      | Reached XP level 5. HP: 23/46 MP: 3/3
  1932 | D:3      | Reached XP level 6. HP: 28/55 MP: 4/4
  2046 | D:3      | Noticed Sigmund
  2065 | D:3      | Killed Sigmund
  2065 | D:3      | Reached skill level 6 in Axes
  2065 | D:3      | Reached XP level 7. HP: 51/61 MP: 5/5
  2306 | D:3      | Found an iron altar of Okawaru.
  2966 | D:4      | Reached skill level 7 in Axes
  3257 | D:5      | Entered Level 5 of the Dungeon
  3353 | D:5      | Noticed Eustachio
  3372 | D:5      | Killed Eustachio
  3372 | D:5      | Reached XP level 8. HP: 64/68 MP: 5/5
  3509 | D:5      | Found a staircase to the Ecumenical Temple.
  3555 | D:5      | Reached skill level 8 in Axes
  4009 | Temple   | Entered the Ecumenical Temple
  4317 | D:6      | Noticed Pikel
  4336 | D:6      | Killed Pikel
  4336 | D:6      | Reached skill level 9 in Axes
  4336 | D:6      | Gained mutation: You passively map the area around you. [Deep Dwarf growth]
  4336 | D:6      | Reached XP level 9. HP: 46/74 MP: 5/5
  4394 | D:6      | Reached skill level 10 in Shields
  4535 | D:6      | Found a runed door.
  4972 | D:6      | Noticed Crazy Yiuf
  4981 | D:6      | Killed Crazy Yiuf
  4981 | D:6      | Reached skill level 10 in Axes
  5023 | D:7      | Found a basalt altar of Yredelemnul.
  5741 | D:8      | Found a bloodstained altar of Trog.
  5946 | D:8      | Reached skill level 5 in Armour
  6335 | D:8      | Reached XP level 10. HP: 62/87 MP: 3/3
  6486 | D:9      | Reached skill level 11 in Axes
  6614 | D:9      | Reached skill level 5 in Fighting
  6660 | D:9      | Found a snail-covered altar of Cheibriados.
  6806 | D:9      | Paralysed by a hornet for 2 turns
  7030 | D:9      | Found a shattered altar of Ashenzari.
  7031 | D:9      | Found an ancient bone altar of Kikubaaqudgha.
  7032 | D:9      | Found a stormy altar of Qazlal.
  7033 | D:9      | Found a burning altar of Makhleb.
  7034 | D:9      | Found a deep blue altar of Sif Muna.
  7039 | D:9      | Became a worshipper of Makhleb the Destroyer
  7201 | D:10     | Entered Level 10 of the Dungeon
  7258 | D:10     | Found a staircase to the Orcish Mines.
  7513 | D:10     | Killed an unseen horror
  7639 | D:10     | Reached skill level 12 in Axes
  7745 | D:10     | HP: 4/92 [hippogriff (4)]
  7745 | D:10     | HP: 1/92 [hippogriff (3)]
  7870 | D:10     | Reached skill level 1 in Evocations
  7873 | D:10     | Reached skill level 1 in Invocations
  7951 | D:10     | HP: 4/92 [orc wizard/magic dart (3)]
  7957 | D:10     | Reached XP level 11. HP: 4/99 MP: 1/1
  7957 | D:10     | Reached * piety under Makhleb
  8372 | D:11     | Noticed a purple ugly thing
  8400 | D:11     | HP: 2/99 [purple ugly thing (12)]
  8401 | D:11     | Killed a purple ugly thing
  8405 | D:11     | Found a staircase to the Lair.
  8436 | D:11     | HP: 3/99 [hornet zombie (5)]
  8439 | D:11     | HP: 1/99 [hornet zombie (2)]
  8442 | D:11     | Slain by a hornet zombie

Vault maps used:
D:1:      eino_arrival_cavern_b
D:2:      old_standard_altar, grunt_ministairs_5, serial_bayou_pond_e
D:3:      okawaru_altar_gauntlet_db, serial_co_window_serial,
          co_window_corner_a, co_window_of_opportunity_a,
          co_window_of_opportunity_a, co_window_corner_a, co_window_paths_a,
          co_window_broadway_a, co_window_cross_3, co_window_paths_c,
          co_window_corner_ca, co_window_unsneaky_path_c,
          co_window_unsneaky_path_b, co_window_paths_e, glass_columns_b,
          fedhas_altar_2, uniq_sigmund, uniq_ijyb
D:4:      first_bread, grunt_ministairs_11, kennysheep_cluttered_room
D:5:      temple_doors_e, uniq_eustachio
D:6:      uniq_crazy_yiuf_cottage, uniq_pikel
D:7:      overflow_temple_1_default
D:8:      lightli_temple_of_fire
D:9:      slow_altar_2, minitemple, hangedman_pestilent_swarm
D:10:     orc_0_dummy, minivault_19, nicolae_two_hexagons,
          kennysheep_small_circle
D:11:     lair_entry_dummy
Temple:   nicolae_temple_x_marks_the_god

Skill      XL: |  1  2  3  4  5  6  7  8  9 10 11 |
---------------+----------------------------------+-----
Axes           | 3 5 6 7 9 10 12 | 12.2
Shields        | 4 6 8 9 10 | 10.0
Fighting       | 4 6 |  6.9
Armour         | 5 8 |  8.0
Evocations     | 1 2 |  2.6
Invocations    | 1 2 |  2.5

Action                   |  1- 3 |  4- 6 |  7- 9 | 10-12 || total
-------------------------+-------+-------+-------+-------++-------
Melee: War axe           |   131 |   120 |   554 |   418 ||  1223
 Abil: Heal Wounds       |     1 |     2 |    14 |    11 ||    28
       Evoke Berserk Rag |       |       |     1 |       ||     1
Evoke: Wand              |       |       |       |     9 ||     9
  Use: Scroll            |       |     4 |     9 |     8 ||    21
       Potion            |       |     3 |       |     8 ||    11
  Eat: Chunk             |     1 |     3 |    16 |     5 ||    25
       Bread ration      |       |       |       |     1 ||     1
Armor: Scale mail        |    57 |    64 |   255 |    21 ||   397
       Plate armour      |       |       |       |   155 ||   155
Dodge: Dodged            |    46 |    40 |   168 |    55 ||   309
Block: Shield            |    64 |    62 |   399 |   216 ||   741

Table legend:
 A = Spawn XP
 B = Non-spawn XP
 C = Spawn XP percentage of total XP
 D = Spawn monster count
 E = Non-spawn monster count
 F = Spawn count percentage of total count
 G = Total turns spent on level
                    A         B        C        D         E        F      G
               +---------+---------+-------+---------+---------+-------+---------
         Total |       0 |   12508 |   0.0 |       0 |     261 |   0.0 |  8442
               +---------+---------+-------+---------+---------+-------+---------
           D:1 |       0 |      22 |   0.0 |       0 |      13 |   0.0 |   854
           D:2 |       0 |      90 |   0.0 |       0 |      35 |   0.0 |   711
           D:3 |       0 |     663 |   0.0 |       0 |      29 |   0.0 |   983
           D:4 |       0 |     445 |   0.0 |       0 |      19 |   0.0 |   709
           D:5 |       0 |     622 |   0.0 |       0 |      16 |   0.0 |   791
           D:6 |       0 |    1553 |   0.0 |       0 |      22 |   0.0 |   912
           D:7 |       0 |     601 |   0.0 |       0 |      25 |   0.0 |   668
           D:8 |       0 |    1566 |   0.0 |       0 |      35 |   0.0 |   789
           D:9 |       0 |    2150 |   0.0 |       0 |      31 |   0.0 |   721
          D:10 |       0 |    3455 |   0.0 |       0 |      31 |   0.0 |  1086
          D:11 |       0 |    1341 |   0.0 |       0 |       5 |   0.0 |   155
               +---------+---------+-------+---------+---------+-------+---------
